 Dungeon Crawl Stone Soup version 0.29-a0-364-g921d912d32 (webtiles) character file.

Game seed: 17776137350100276680

181 Artihs the Shield-Bearer (level 5, 0/42 HPs)
             Began as a Human Fighter on Apr 30, 2022.
             Slain by a river rat (4 damage)
             ... summoned by Eustachio
             ... on level 4 of the Dungeon.
             The game lasted 00:12:07 (3502 turns).

Artihs the Shield-Bearer (Human Fighter)            Turns: 3502, Time: 00:12:08

Health: 0/42       AC:  8    Str: 18    XL:     5   Next: 92%
Magic:  5/5        EV:  8    Int:  9    God:
Gold:   180        SH:  8    Dex: 12    Spells: 4/4 levels left

rFire   . . .      SeeInvis .   u - +0 mace
rCold   . . .      Faith    .   p - +0 kite shield
rNeg    . . .      Spirit   .   b - +0 scale mail
rPois   .          Reflect  .   s - +0 helmet
rElec   .          Harm     .   (no cloak)
rCorr   .          Rampage  .   (no gloves)
Will    +....                   (no boots)
Stlth   ..........              n - amulet of the acrobat
HPRegen 0.14/turn               i - ring of willpower
MPRegen 0.09/turn               (no ring)

@: hasted, very quick
A: no striking features
a: no special abilities


You were on level 4 of the Dungeon.
You visited 1 branch of the dungeon, and saw 4 of its levels.

You collected 180 gold pieces.

Inventory:

Hand Weapons
 a - a +0 flail
 u - a +0 mace (weapon)
Missiles
 j - a poisoned dart (quivered)
Armour
 b - a +0 scale mail (worn)
 c - a +0 buckler
 p - a +0 kite shield (worn)
 s - a +0 helmet (worn)
Magical Staves
 e - a staff of conjuration
Jewellery
 i - a ring of willpower (left hand)
 n - an amulet of the acrobat (around neck)
Scrolls
 h - a scroll of summoning
 m - a scroll of teleportation
 q - 4 scrolls of identify
 t - a scroll of enchant weapon {unknown}
Potions
 d - a potion of might
 g - 2 potions of flight
 k - a potion of attraction
 l - 2 potions of brilliance
 o - a potion of heal wounds {unknown}
 v - a potion of mutation {unknown}
 w - a potion of lignification {unknown}


   Skills:
 + Level 3.8 Fighting
 + Level 3.0 Maces & Flails
 + Level 3.8 Armour
 + Level 1.9 Dodging
 + Level 3.8 Shields


You had 4 spell levels left.
You didn't know any spells.
Your spell library contained the following spells:

 Spells                   Type           Power      Damage    Failure   Level
 Magic Dart               Conj           0%         1d3       98%         1
 Call Imp                 Summ           0%         N/A       99%         2
 Corpse Rot               Necr/Air       0%         N/A       99%         2
 Poisonous Vapours        Pois/Air       0%         N/A       99%         2
 Call Canine Familiar     Summ           0%         N/A       100%        3
 Confusing Touch          Hex            0%         N/A       100%        3
 Mephitic Cloud           Conj/Pois/Air  0%         N/A       100%        3
 Portal Projectile        Hex/Tloc       0%         N/A       100%        3
 Tukima's Dance           Hex            0%         N/A       100%        3
 Anguish                  Hex/Necr       0%         N/A       100%        4
 Leda's Liquefaction      Hex/Erth       0%         N/A       100%        4
 Iskenderun's Battlesphe  Conj           0%         2d6       100%        5
 Yara's Violent Unravell  Hex/Tmut       0%         3d3       100%        5
 Iron Shot                Conj/Erth      0%         9d1       100%        6
 Enfeeble                 Hex            0%         N/A       100%        7
 Spellforged Servitor     Conj/Summ      0%         N/A       100%        7


Dungeon Overview and Level Annotations

Branches:
Dungeon (4/15)
 Temple: D:4-7

Altars:

Shops:
D:1 :

Annotations:
D:4 Eustachio


Message History

Eustachio is moderately wounded.
Eustachio casts a spell.
Eustachio blinks!
The crimson imp blinks!
You block the river rat's attack.
You barely miss Eustachio.
Eustachio is moderately wounded.
Eustachio mumbles some strange words.
Eustachio blinks!
You block the river rat's attack.
You feel better.
Eustachio casts a spell.
Eustachio blinks!
You block the crimson imp's attack.
The river rat bites you but does no damage.
Eustachio barely misses you.
You sock Eustachio!
Eustachio is heavily wounded.
The crimson imp hits you but does no damage.
You block the river rat's attack. Eustachio hits you with a +0 rapier.
You barely miss Eustachio.
Eustachio is heavily wounded.
The crimson imp hits you but does no damage.
The river rat barely misses you. Eustachio hits you with a +0 rapier.
* * * LOW HITPOINT WARNING * * *
You closely miss Eustachio.
Eustachio is heavily wounded.
The river rat bites you but does no damage.
The crimson imp closely misses you.
You closely miss Eustachio.
Eustachio is heavily wounded.
The crimson imp disappears in a puff of smoke!
Eustachio hits you with a +0 rapier.
* * * LOW HITPOINT WARNING * * *
The river rat closely misses you.
You barely miss Eustachio.
Eustachio is heavily wounded.
Eustachio hits you but does no damage. You block the river rat's attack.
You barely miss Eustachio.
Eustachio is heavily wounded.
Eustachio hits you with a +0 rapier.
* * * LOW HITPOINT WARNING * * *
The river rat bites you.
You die...

#. #. ..#.....#
##.##.# #.#.....#
.....# #.......#
#....###.#.....#
#......#.....#
##.....)##...##
#.............##
#..r....##.....#####
#.@@(...###..#......
#(†##§.## ##...#####
..).. ##.# ##.##
(...... #.# #.######
....### #.# #.......
.##. #.# ######## .
... ...... # ######


You could see Eustachio and a river rat (summoned).

Vanquished Creatures
  2 hounds
  An iguana (D:4)
  5 adders
  2 worms
  A dart slug (D:1)
  5 ball pythons
  2 endoplasms
  2 giant cockroaches
  7 goblins
  4 hobgoblins
  3 quokkas
  6 bats
  A frilled lizard (D:1)
  4 kobolds
  A rat (D:2)
46 creatures vanquished.

Notes
Turn   | Place    | Note
-------+----------+-------------------------------------------
     0 | D:1      | Artihs the Human Fighter began the quest for the Orb.
     0 | D:1      | Reached XP level 1. HP: 18/18 MP: 1/1
    99 | D:1      | Reached XP level 2. HP: 24/24 MP: 2/2
   130 | D:1      | Found Cinn's Book Shoppe.
  1029 | D:1      | Found a faded altar of an unknown god.
  1161 | D:2      | Reached XP level 3. HP: 25/29 MP: 3/3
  2012 | D:3      | Reached skill level 1 in Dodging
  2012 | D:3      | Reached XP level 4. HP: 30/35 MP: 4/4
  2721 | D:3      | Reached XP level 5. HP: 36/41 MP: 5/5
  3467 | D:4      | Noticed Eustachio
  3502 | D:4      | Slain by a river rat

Illustrated notes

Levels and vault maps discovered:
D:1:      minmay_arrival_radiant_lines, layout_basic,
          shapermc_ecumenical_altar_mp_highgroup, serial_shops,
          nicolae_shop_trees
D:2:      layout_rooms, kennysheep_generic_room_13
D:3:      layout_loops_corners, serial_bayou_lagoon_b
D:4:      layout_loops_ring, nicolae_dithmenos_through_a_glass_darkly,
          uniq_eustachio

Skill      XL: |  1  2  3  4  5 |
---------------+----------------+-----
Dodging        | 1 |  1.9
Maces & Flails | 3 |  3.0
Fighting       | |  3.8
Armour         | |  3.8
Shields        | |  3.8

Action                   |  1- 3 |  4- 6 || total
-------------------------+-------+-------++-------
Melee: Flail             |    77 |     9 ||    86
       Mace              |       |    97 ||    97
Throw: Dart              |     6 |    28 ||    34
       Javelin           |       |     6 ||     6
  Use: Scroll            |     5 |       ||     5
       Potion            |     4 |     3 ||     7
Armor: Scale mail        |    32 |    58 ||    90
Dodge: Dodged            |    30 |    37 ||    67
Block: Buckler           |    26 |       ||    26
       Kite shield       |     2 |    52 ||    54

Table legend: (Time is in decaauts)
 A = Elapsed time spent in this place.
 B = Non-inter-level travel time spent in this place.
 C = Inter-level travel time spent in this place.
 D = Time resting spent in this place.
 E = Time spent auto-exploring this place.
 F = Levels seen in this place.
 G = Mean time per level.
                   A        B        C        D        E       F      G
               +--------+--------+--------+--------+--------+-----+--------+
         Total |   3574 |   3140 |    434 |    825 |   1784 |   4 |  893.5 |
       Dungeon |   3574 |   3140 |    434 |    825 |   1784 |   4 |  893.5 |
               +--------+--------+--------+--------+--------+-----+--------+

Top non-repeatable levels by time:
     D:1: 1167 daAuts
     D:3: 1038 daAuts
     D:2: 713 daAuts
     D:4: 654 daAuts
